 Dungeon Crawl Stone Soup version 0.24-a0-190-g063869c372 (webtiles) character file.

Game seed: 4450012018488913110

44 MrRokkomies the Sneak (level 3, -2/31 HPs)
             Began as an Octopode Enchanter on Mar 18, 2019.
             Slain by an adder (3 damage)
             ... on level 2 of the Dungeon.
             The game lasted 00:02:33 (954 turns).

MrRokkomies the Sneak (Octopode Enchanter)           Turns: 954, Time: 00:02:33

Health: -2/31      AC:  1    Str: 12    XL:     3   Next: 60%
Magic:  2/6        EV: 13    Int: 18    God:
Gold:   76         SH:  0    Dex: 12    Spells: 3/6 levels left

rFire    . . .     SeeInvis .   a - +1 dagger
rCold    . . .     Gourm    .   (no shield)
rNeg     . . .     Faith    .   (helmet restricted)
rPois    .         Spirit   .   (no amulet)
rElec    .         Reflect  .   (no ring)
rCorr    .         Harm     .   (no ring)
MR       .....                  (no ring)
Stlth    ..........             (no ring)
HPRegen  0.10/turn              (no ring)
MPRegen  0.10/turn              (no ring)
                                (no ring)
                                (no ring)

@: berserking, lethally poisoned (-2 -> -4), very quick
A: almost no armour, stealthy swim, amphibious, 8 rings, constrict 8, camouflage
1, gelatinous body 1
a: no special abilities


You were on level 2 of the Dungeon.
You were not hungry.

You visited 1 branch of the dungeon, and saw 2 of its levels.

You collected 76 gold pieces.

Inventory:

Hand Weapons
 a - a +1 dagger (weapon)
Missiles
 f - 22 stones (quivered)
 h - 8 tomahawks
Scrolls
 b - a scroll of noise {unknown}
 e - a scroll of identify
 i - a scroll of enchant weapon {unknown}
Comestibles
 c - a ration


   Skills:
 * Level 2.1 Short Blades
 - Level 2.0 Dodging
 + Level 4.5 Stealth
 - Level 2.0 Spellcasting
 * Level 3.7 Hexes


You had 3 spell levels left.
You knew the following spells:

 Your Spells              Type           Power        Failure   Level  Hunger
a - Corona                Hex            ###....      4%          1    #......
b - Ensorcelled Hibernat  Hex/Ice        #.....       13%         2    ###....

Your spell library contained the following spells:

 Spells                   Type           Power        Failure   Level  Hunger
 Confuse                  Hex            ###.....     12%         3    ###....
 Tukima's Dance           Hex            ###.....     12%         3    ###....
 Dazzling Spray           Conj/Hex       #.....       26%         3    ###....


Dungeon Overview and Level Annotations

Branches:
Dungeon (2/15)

Altars:


Innate Abilities, Weirdness & Mutations

You cannot wear most types of armour.
You are very stealthy in the water. (Stealth+)
You are amphibious.
You can wear up to eight rings at the same time.
You can use your tentacles to constrict eight enemies at once.
Your skin changes colour to match your surroundings (Stealth+).
Your rubbery body absorbs attacks. (AC +1, EV +1)


Message History

The adder hisses angrily.
You miss the adder. Your grab misses the adder. You constrict the adder.
You kill the adder!
You feel sick.
The adder closely misses you. x2; The adder misses you.
You hit the adder. Your grab misses the adder.
The adder is lightly wounded.
The adder bites you.
* * * LOW HITPOINT WARNING * * *
The adder misses you.
A red film seems to cover your vision as you go berserk!
You feel yourself moving faster!
You feel mighty! The adder misses you. The adder closely misses you. x2
You hit the adder. Your grab misses the adder.
The adder is heavily wounded.
You feel sick. The adder bites you.
* * * LOW HITPOINT WARNING * * *
You closely miss the adder. You grab the adder. You squeeze the adder.
The adder is heavily wounded.
You constrict the adder. The adder misses you. The adder bites you.
You die...

######### #
....... #.
#.....#
##.##.....#
.
....#.....#
..
......S...#
...
#.S@..##...
+..........
#.....##...
#.....# .
#.....#
#.....##
#......#
#......#
#......####


You could see 2 adders.

Vanquished Creatures
  An adder (D:2)
  A leopard gecko (D:1)
  5 bats
  3 giant cockroaches (D:1)
  6 goblins (D:1)
  4 hobgoblins (D:1)
  2 kobolds
  4 frilled lizards (D:1)
  4 rats (D:1)
30 creatures vanquished.

Notes
Turn   | Place    | Note
-------+----------+-------------------------------------------
     0 | D:1      | MrRokkomies the Octopode Enchanter began the quest for the
                  | Orb.
     0 | D:1      | Reached XP level 1. HP: 11/11 MP: 3/3
   225 | D:1      | Reached XP level 2. HP: 17/17 MP: 5/5
   229 | D:1      | Learned a level 2 spell: Ensorcelled Hibernation
   498 | D:1      | Reached XP level 3. HP: 21/21 MP: 6/6
   948 | D:2      | HP: 1/21 [adder (2)]
   953 | D:2      | HP: 1/31 [adder (4)]
   954 | D:2      | Slain by an adder

Levels and vault maps discovered:
D:1:      kilobyte_arrival_exit_the_forest, layout_loops_ring
D:2:      layout_basic, okawaru_metal_pillars_1_2

Skill      XL: |  1  2  3 |
---------------+----------+-----
Short Blades   | 2 |  2.1
Dodging        | |  2.0
Stealth        | |  4.5
Spellcasting   | |  2.0
Hexes          | |  3.7

Action                   || total
-------------------------++-------
Melee: Dagger            ||    56
       Constrict         ||    15
       Tentacles         ||     6
 Cast: Ensorcelled Hiber ||     2
  Use: Scroll            ||     2
       Potion            ||     2
 Stab: Sleeping          ||    14
Armor: Skin              ||     4
Dodge: Dodged            ||    40

Table legend:
 A = Non-vault XP
 B = Vault XP
 C = Vault XP percentage of total XP
 D = Non-vault monster count
 E = Vault monster count
 F = Vault count percentage of total count
                 A         B        C        D         E       F
            +---------+---------+-------+---------+---------+-------
      Total |      63 |       0 |   0.0 |      30 |       0 |   0.0
            +---------+---------+-------+---------+---------+-------
        D:1 |      46 |       0 |   0.0 |      27 |       0 |   0.0
        D:2 |      17 |       0 |   0.0 |       3 |       0 |   0.0
            +---------+---------+-------+---------+---------+-------
